 Dungeon Sprint DCSS version 0.31-a0-408-gb642c7f9a3 (webtiles) character file.

Game seed: 16150398135000215413

135 rocky1 the Covert (level 5, -8/45 HPs)
             Began as a Naga Brigand on July 30, 2023.
             Mangled by a human
             ... wielding a +0 whip
              (11 damage)
             ... in the Dungeon (Sprint III: "The Ten Rune Challenge").
             The game lasted 00:01:53 (747 turns).

rocky1 the Covert (Naga Brigand)                     Turns: 747, Time: 00:01:53

Health: -8/45      AC:  3    Str: 14    XL:     5   Next: 18%
Magic:  5/5        EV:  9    Int: 11    God:
Gold:   21         SH:  0    Dex: 14    Spells: 4/4 levels left

rFire   . . .        a - +2 dagger
rCold   . . .        (no shield)
rNeg    . . .        b - +0 robe
rPois   +            (no helmet)
rElec   .            c - +0 cloak
rCorr   .            (no gloves)
SInv    +            (no barding)
Will    .....        (no amulet)
Stlth   +++++        (no ring)
HPRegen 0.27/turn    (no ring)
MPRegen 0.09/turn

%: no teleportation
@: hasted, quick
A: AC +1, large, see invisible, deformed body, poison resistance, slowness 2,
spit poison 1, naga tail 1
a: Spit Poison


You were in the Dungeon.
You visited 1 branch You collected 21 gold pieces.

Inventory:

Hand Weapons
 a - a +2 dagger (weapon)
Missiles
 d - 9 poisoned darts
Armour
 b - a +0 robe (worn)
 c - a +0 cloak (worn)
Scrolls
 l - 5 scrolls of identify
 m - a scroll of torment {unknown}
 o - a scroll of immolation {unknown}
Potions
 f - 2 potions of curing
 i - 2 potions of magic
 n - a potion of might {unknown}
 p - a potion of ambrosia {unknown}
 q - 4 potions of mutation


   Skills:
 - Level 2.0 Fighting
 + Level 6.0 Short Blades
 - Level 1.7 Throwing
 - Level 0.7 Dodging
 * Level 13.5 Stealth


You had 4 spell levels left.
You didn't know any spells.
Your spell library was empty.

Dungeon Overview and Level Annotations

Branches:
Dungeon (1/1)

Altars:
Wu Jian


Innate Abilities, Weirdness & Mutations

Your serpentine skin is tough. (AC +1)
You have supernaturally acute eyesight. (SInv)
Armour fits poorly on your strangely shaped body.
Your system is resistant to poisons. (rPois)
You cover ground very slowly.
You can spit poison.
You have a snake-like lower body.


Message History

The human is moderately wounded.
The human completely misses you.
Throw: 2 darts (curare)
Press: ? - help, Q - select action, (/) - cycle Shift-Dir - straight line, f/p - human
Aim: a human, wielding a +0 whip (berserk, 43% to hit)
You throw a curare-tipped dart.
The curare-tipped dart misses the human.
The curare-tipped dart hits the human.
The human looks as sick as possible!
The human convulses.
The human seems to be slow for longer.
The human is moderately wounded.
The human hits you with a +0 whip!
* * * LOW HITPOINT WARNING * * *
You feel much better. The human hits you with a +0 whip!
Throw: dart (curare)
Press: ? - help, Q - select action, (/) - cycle Shift-Dir - straight line, f/p - human
Aim: a human, wielding a +0 whip (berserk, 43% to hit)
You throw a curare-tipped dart.
The curare-tipped dart closely misses the human.
The curare-tipped dart misses the human.
The human hits you with a +0 whip!
* * * LOW HITPOINT WARNING * * *
Okay, then.
Okay, then.
You hit the human.
The human is lightly wounded.
You barely miss the human.
The human is lightly wounded.
The human hits you with a +0 whip!
* * * LOW HITPOINT WARNING * * *
You hit the human.
The human is lightly wounded.
The human closely misses you.
Okay, then.
You hit the human.
The human is lightly wounded.
You barely miss the human.
The human is lightly wounded.
The human hits you with a +0 whip!
You die...

▓▓▓▓▓▓▓▓▓▓ ▓▓▓ <.#..'...♣♣♣♣
♣@# # ..#..#....♣.♣ ♣♣p# _#
#'####.....♣ ♣.p# # _.
...†.#....~♣♣♣♣♣.###+#'###+##
.....#...~~♣....(#..........#
....(#..~~~~♣.♣..'.⌠p.....§.#
####'#..~≈≈~~~.♣.#...######'#
.....#.~~≈~~~...(#.⌠.# ..#
...).#.~≈~~~.....#...# ...#


You could see 2 humans.

Vanquished Creatures
  A water elemental (D)
  A jelly (D)
  Jessica (D)
  A human (D)
  A phantom (D)
  3 rats (D)
8 creatures vanquished.

Notes
Turn   | Place    | Note
-------+----------+-------------------------------------------
     0 | D        | rocky1 the Naga Brigand began the quest for the Orb.
     0 | D        | Reached XP level 1. HP: 19/19 MP: 1/1
     6 | D        | Reached skill level 6 in Stealth
    15 | D        | Noticed Jessica
    18 | D        | Killed Jessica
    19 | D        | Reached skill level 9 in Stealth
    19 | D        | Reached XP level 2. HP: 26/26 MP: 2/2
    19 | D        | Reached XP level 3. HP: 32/32 MP: 3/3
   394 | D        | Reached skill level 10 in Stealth
   684 | D        | Noticed a water elemental
   687 | D        | Killed a water elemental
   688 | D        | Reached skill level 5 in Short Blades
   688 | D        | Reached skill level 12 in Stealth
   688 | D        | Reached XP level 4. HP: 39/39 MP: 4/4
   708 | D        | Reached skill level 13 in Stealth
   708 | D        | Reached XP level 5. HP: 30/45 MP: 5/5
   730 | D        | Found an ornate altar of the Wu Jian Council.
   730 | D        | Noticed a human
   730 | D        | Noticed a human
   747 | D        | Mangled by a human

Illustrated notes

Levels and vault maps discovered:
D:        dungeon_sprint_mu [sprint_mu_entry_forest, sprint_mu_temple_rooms,
          sprint_mu_d1_horrors, sprint_mu_d2_genie, sprint_mu_d3_branching,
          sprint_mu_orc_legion, sprint_mu_elf_gauntlet, sprint_mu_hive_nellie,
          sprint_mu_lair_fedhas, sprint_mu_vaults_butterflies,
          sprint_mu_slime_circle, sprint_mu_swamp_cave, sprint_mu_snake_twists,
          sprint_mu_blade_basic, sprint_mu_crypt_chambers,
          sprint_mu_tomb_spiral, sprint_mu_vestibule_basic,
          sprint_mu_gehenna_hellfire, sprint_mu_dis_giant,
          sprint_mu_tartarus_statrot, sprint_mu_cocytus_islands, sprint_mu_zot1]

Skill      XL: |  1  2  3  4 |
---------------+-------------+-----
Stealth        | 9 12 13 | 13.5
Short Blades   | 3 5 6 |  6.0
Fighting       | |  2.0
Throwing       | |  1.7
Dodging        | |  0.7

Action                     |  1- 3 |  4- 6 || total
---------------------------+-------+-------++-------
  Melee: Dagger            |    35 |    11 ||    46
         Punch             |     1 |       ||     1
  Throw: Dart              |     3 |     3 ||     6
    Use: Potion            |     1 |     2 ||     3
         Scroll            |       |     1 ||     1
   Stab: Sleeping          |     4 |       ||     4
 Armour: Robe              |       |     2 ||     2
  Dodge: Dodged            |    11 |     6 ||    17

Table legend: (Time is in decaauts)
 A = Elapsed time spent in this place.
 B = Non-inter-level travel time spent in this place.
 C = Inter-level travel time spent in this place.
 D = Time resting spent in this place.
 E = Time spent auto-exploring this place.
 F = Levels seen in this place.
 G = Mean time per level.
                   A        B        C        D        E       F      G
               +--------+--------+--------+--------+--------+-----+--------+
         Total |    782 |    782 |      0 |    589 |      0 |   1 |  782.0 |
       Dungeon |    782 |    782 |      0 |    589 |      0 |   1 |  782.0 |
               +--------+--------+--------+--------+--------+-----+--------+

Top non-repeatable levels by time:
       D: 782 daAuts
